 Dungeon Crawl Stone Soup version 0.18.1-48-g4cf74bf (webtiles) character file.

53 xylonsteve the Grasshopper (level 3, 0/18 HPs)
             Began as a Spriggan Warper on June 25, 2016.
             Slain by a jackal (3 damage)
             ... on level 1 of the Dungeon.
             The game lasted 00:09:04 (2661 turns).

xylonsteve the Grasshopper (Spriggan Warper)        Turns: 2661, Time: 00:09:05

Health: 0/18       AC:  2    Str:  6 (7)  XL:     3   Next: 64%
Magic:  8/8        EV: 18    Int: 11 (14) God:
Gold:   56         SH:  0    Dex: 15 (16) Spells: 2 memorised, 4 levels left

rFire  . . .     SeeInvis +     a - +0 short sword
rCold  . . .     Gourm    .     b - +0 robe
rNeg   + . .     Faith    .     (shield restricted)
rPois  .         Spirit   .     (helmet restricted)
rElec  .         Dismiss  .     (no cloak)
rCorr  .         Reflect  .     (gloves unavailable)
SustAt .         Harm     .     (boots unavailable)
MR     .....                    (no amulet)
Stlth  ..........               q - ring of loudness (curse)
                                j - ring of positive energy

@: very quick, not resistant to hostile enchantments, extremely unstealthy
A: unfitting armour, see invisible, herbivore 3, speed 3, slow metabolism 2
a: no special abilities


You were on level 1 of the Dungeon.
You were not hungry.

You visited 1 branch of the dungeon, and saw 2 of its levels.

You collected 56 gold pieces.

Inventory:

Hand Weapons
 a - a +0 short sword (weapon)
Missiles
 e - 5 tomahawks of dispersal (quivered)
 h - 5 tomahawks
 m - 19 poisoned needles
 s - 9 sling bullets
Armour
 b - a +0 robe (worn)
Jewellery
 j - a ring of positive energy (left hand)
 q - a cursed ring of loudness (right hand)
Scrolls
 d - 2 scrolls of blinking
 l - a scroll of teleportation
 o - 2 scrolls of identify
 r - a scroll of fear {unknown}
Potions
 g - 2 potions of magic
 k - a potion of brilliance {unknown}
 n - a potion of heal wounds {unknown}
 p - a potion of might {unknown}
Books
 c - a book of Spatial Translocations

   Spells                             Type                      Level
   a - Apportation                    Translocation                1
   b - Blink                          Translocation                2
   c - Shroud of Golubria             Charms/Translocation         2
   d - Portal Projectile              Translocation                3
   e - Teleport Other                 Translocation                3
   f - Passage of Golubria            Translocation                4
Comestibles
 f - a bread ration


   Skills:
 - Level 1.5 Fighting
 * Level 3.8 Short Blades
 - Level 1.0 Throwing
 - Level 3.5 Dodging
 - Level 2.6 Spellcasting
 + Level 5.3 Translocations


You had 4 spell levels left.
You knew the following spells:

 Your Spells              Type           Power        Failure   Level  Hunger
a - Apportation           Tloc           ##........   2%          1    ##.....
b - Blink                 Tloc           N/A          4%          2    ###....


Dungeon Overview and Level Annotations

Branches:
Dungeon (2/15)

Altars:


Innate Abilities, Weirdness & Mutations

You are tiny and cannot use many weapons and most armour.
You have supernaturally acute eyesight.
You are a herbivore.
You cover ground extremely quickly.
You need consume almost no food.


Message History

The jackal is heavily wounded.
The jackal misses you. The jackal barely misses you.
You hit the jackal.
The jackal is almost dead.
The jackal closely misses you.
You barely miss the jackal.
The jackal is almost dead.
The jackal barely misses you.
You closely miss the jackal.
The jackal is almost dead.
The jackal bites you.
* * * LOW HITPOINT WARNING * * *
You closely miss the jackal.
The jackal is almost dead.
The jackal bites you.
* * * LOW HITPOINT WARNING * * *
You barely miss the jackal.
The jackal is almost dead.
The jackal misses you. The jackal bites you.
You die...

........# #..# #.##.#
........# ##.###.##.#
........####..##.##.#
...............#.##.#
...............#.##.#
...............#.##.########
.................##........#
........#####...h..........#
######### #...@..........#
#......).......#
#..............#
#...^..........#
#..............#
#######........#
#..............#
#.######.......#
#.########.#####


You could see a jackal.

Vanquished Creatures
  2 adders (D:2)
  2 dart slugs
  2 giant geckos (D:2)
  A giant cockroach (D:1)
  5 hobgoblins
  2 jackals (D:2)
  3 kobolds
  A quokka (D:2)
  3 bats
  3 goblins
  3 rats
27 creatures vanquished.

Notes
Turn   | Place    | Note
--------------------------------------------------------------
     0 | D:1      | xylonsteve the Spriggan Warper began the quest for the Orb.
     0 | D:1      | Reached XP level 1. HP: 10/10 MP: 5/5
   705 | D:1      | Reached XP level 2. HP: 8/14 MP: 6/6
   709 | D:1      | Learned a level 2 spell: Blink
  1581 | D:2      | Reached skill level 5 in Translocations
  1756 | D:2      | Reached XP level 3. HP: 18/18 MP: 8/8
  2661 | D:1      | Slain by a jackal

Skill      XL: |  1  2 |
---------------+-------+-----
Short Blades   | 3 |  3.8
Translocations | 5 |  5.3
Fighting       | |  1.5
Throwing       | |  1.0
Dodging        | |  3.5
Spellcasting   | |  2.6

Action                   || total
-------------------------++-------
Melee: Short sword       ||   187
  Use: Scroll            ||     4
       Potion            ||     3
 Stab: Sleeping          ||     1
Armor: Robe              ||    15
Dodge: Dodged            ||   157
